 Dungeon Crawl Stone Soup version 0.19.5 (webtiles) character file.

113 tidbits the Slasher (level 4, 0/29 HPs)
             Began as a High Elf Skald on Nov 8, 2017.
             Slain by a big kobold zombie (3 damage)
             ... in an ossuary.
             The game lasted 00:07:36 (904 turns).

tidbits the Slasher (High Elf Skald)                 Turns: 904, Time: 00:07:37

Health: 0/29       AC:  6    Str: 11    XL:     4   Next: 65%
Magic:  1/8        EV: 11    Int: 18    God:
Gold:   51         SH:  0    Dex: 15    Spells: 3 memorised, 2 levels left

rFire  . . .     SeeInvis .     a - +0 falchion
rCold  . . .     Gourm    .     B - +0 ring mail
rNeg   . . .     Faith    .     (no shield)
rPois  .         Spirit   .     (no helmet)
rElec  .         Reflect  .     (no cloak)
rCorr  .         Harm     .     (no gloves)
MR     +....                    F - +0 pair of boots
Stlth  +.........               (no amulet)
                                (no ring)
                                j - ring of protection from magic (curse)

@: singing, very slightly contaminated
A: clever 1, deterioration 2
a: Stop Singing


You were in an ossuary.
You were hungry.

You visited 1 branch of the dungeon, and saw 4 of its levels.
You also visited: Ossuary.

You collected 51 gold pieces.

Inventory:

Hand Weapons
 a - a +0 falchion (weapon)
Missiles
 m - 37 arrows
Armour
 b - a +0 leather armour
 B - a +0 ring mail (worn)
   (You found it on level 1 of the Dungeon)
 F - a +0 pair of boots (worn)
   (You found it on level 1 of the Dungeon)
Jewellery
 j - a cursed ring of protection from magic (left hand)
   (You found it on level 1 of the Dungeon)
Scrolls
 i - a scroll of identify
 k - 2 scrolls of immolation {unknown}
 l - a scroll of remove curse {unknown}
Books
 c - a book of Battle

   Spells                             Type                      Level
   a - Infusion                       Charms                       1
   b - Shroud of Golubria             Charms/Translocation         2
   c - Song of Slaying                Charms                       2
   d - Spectral Weapon                Hexes/Charms                 3
   e - Regeneration                   Charms/Necromancy            3
Comestibles
 d - a bread ration
 f - a beef jerky
 g - 2 meat rations


   Skills:
 - Level 2.0 Fighting
 + Level 5.6 Long Blades
 - Level 0.8 Armour
 - Level 2.0 Dodging
 - Level 2.4 Spellcasting
 - Level 3.6 Charms


You had 2 spell levels left.
You knew the following spells:

 Your Spells              Type           Power        Failure   Level  Hunger
g - Shroud of Golubria    Chrm/Tloc      #.........   34%         2    ##.....
i - Infusion              Chrm           ###.         12%         1    #......
y - Song of Slaying       Chrm           ###.....     17%         2    ##.....


Dungeon Overview and Level Annotations

Branches:
Dungeon (4/15)
 Temple: D:4-7

Altars:


Innate Abilities, Weirdness & Mutations

Your mind is acute. (Int +2)
Your body often deteriorates upon taking damage.


Message History

The hound zombie is almost destroyed.
The hound zombie bites you but does no damage. x2
You slash the hound zombie!
You destroy the hound zombie!
You feel your dexterity returning.
Your Long Blades skill increases to level 5!
You have reached level 4!
The hound zombie barely misses you.
You completely miss the hound zombie.
The hound zombie is severely damaged.
The hound zombie bites you.
* * * LOW HITPOINT WARNING * * *
The adder zombie barely misses you.
The hound zombie bites you but does no damage.
You slice the hound zombie!!
You destroy the hound zombie!
You feel your strength returning.
The adder zombie closely misses you. x2; You riposte.
You slash the adder zombie!
The adder zombie is heavily damaged.
The hound zombie bites you.
* * * LOW HITPOINT WARNING * * *
You slash the hound zombie!
You destroy the hound zombie!
You feel a little less mighty now. The adder zombie closely misses you.
You riposte.
You hit the adder zombie.
The adder zombie is severely damaged.
You slash the adder zombie!
You destroy the adder zombie!
You feel your intelligence returning. The hobgoblin zombie barely misses you.
The adder zombie bites you.
* * * LOW HITPOINT WARNING * * *
Throwing (i - inventory):
n - 2 throwing nets (quivered)
{!f}
Press: ? - help, Shift-Dir - straight line, f - adder zombie
Aim: an adder zombie (lightly damaged) Really fire
n - 2 throwing nets {!f}?
You throw a throwing net {!f}.
The throwing net {!f} closely misses the adder zombie.
The adder zombie bites you.
* * * LOW HITPOINT WARNING * * *
Throwing (i - inventory):
n - a throwing net (quivered)
{!f}
Press: ? - help, Shift-Dir - straight line, f/p - adder zombie
Aim: an adder zombie (lightly damaged) Really fire
n - a throwing net {!f}?
You throw a throwing net {!f}.
The throwing net {!f} barely misses the adder zombie.
The adder zombie barely misses you.
You riposte.
You hit the adder zombie.
The adder zombie is moderately damaged.
You barely miss the adder zombie.
The adder zombie is moderately damaged.
The adder zombie closely misses you.
You hit the adder zombie.
The adder zombie is moderately damaged.
The adder zombie barely misses you.
You riposte.
You hit the adder zombie.
The adder zombie is heavily damaged.
The adder zombie bites you.
* * * LOW HITPOINT WARNING * * *
Casting: Infusion
Confirm with . or Enter, or press ? or * to list all spells.
You miscast Song of Slaying.
You are very lightly contaminated with residual magic.
You feel a strange surge of energy! The adder zombie completely misses you.
Casting: Song of Slaying
Confirm with . or Enter, or press ? or * to list all spells.
You miscast Song of Slaying.
You are feeling hungry.
The adder zombie misses you.
You riposte.
You hit the adder zombie.
The adder zombie is almost destroyed.
Casting: Song of Slaying
Confirm with . or Enter, or press ? or * to list all spells.
You miscast Song of Slaying.
The adder zombie closely misses you.
You riposte.
You closely miss the adder zombie.
The adder zombie is almost destroyed.
Casting: Song of Slaying
Confirm with . or Enter, or press ? or * to list all spells.
You start singing a song of slaying.
The adder zombie bites you but does no damage.
You hit the adder zombie.
The adder zombie is almost destroyed.
The adder zombie bites you.
* * * LOW HITPOINT WARNING * * *
The adder zombie bites you but does no damage.
You hit the adder zombie.
You destroy the adder zombie!
You hit the kobold zombie.
The kobold zombie is moderately damaged.
The kobold zombie closely misses you.
You riposte.
You hit the kobold zombie.
The kobold zombie is severely damaged.
You hit the kobold zombie.
The kobold zombie is almost destroyed.
The kobold zombie hits you.
* * * LOW HITPOINT WARNING * * *
The big kobold zombie barely misses you.
You hit the kobold zombie.
You destroy the kobold zombie!
The big kobold zombie closely misses you.
You barely miss the big kobold zombie. The big kobold zombie hits you.
You die...

#.....(.......M....
#.....##...........
#....Z##...........
#..................
#....Z.............
#..#...M...........
#.M##..Z...........
#∩.##ZZ.......∩∩...
#.@##..............
#ZZ#...............
#.Z................
#.....##...........
#.....##...........
#..................
#..................
####.........
#??+.......


You could see a mummy, a hobgoblin zombie and 2 big kobold zombies.

Vanquished Creatures
  3 hound zombies (Ossuary)
  A mummy (Ossuary)
  An adder (D:3)
  2 adder zombies (Ossuary)
  A worm (D:2)
  3 dart slugs
  2 giant cockroaches (D:1)
  4 goblins
  2 hobgoblins (D:3)
  4 jackals (D:3)
  A kobold (D:1)
  A ball python (D:2)
  3 bats
  5 frilled lizards
  A hobgoblin zombie (Ossuary)
  A kobold zombie (Ossuary)
  2 rats (D:2)
37 creatures vanquished.

Notes
Turn   | Place    | Note
-------+----------+-------------------------------------------
     0 | D:1      | tidbits the High Elf Skald began the quest for the Orb.
     0 | D:1      | Reached XP level 1. HP: 14/14 MP: 4/4
   109 | D:1      | Reached XP level 2. HP: 12/19 MP: 0/6
   132 | D:1      | Reached skill level 3 in Long Blades
   132 | D:1      | Reached skill level 2 in Dodging
   292 | D:2      | Learned a level 2 spell: Song of Slaying
   516 | D:2      | Reached XP level 3. HP: 22/24 MP: 4/7
   520 | D:2      | Learned a level 2 spell: Shroud of Golubria
   572 | D:3      | Reached skill level 4 in Long Blades
   797 | D:4      | Found a sand-covered staircase.
   807 | Ossuary  | Entered an ossuary
   811 | Ossuary  | Gained mutation: Your body sometimes deteriorates upon taking damage. [potion of mutation]
   811 | Ossuary  | Gained mutation: Your body often deteriorates upon taking damage. [potion of mutation]
   811 | Ossuary  | Gained mutation: Your mind is acute. (Int +2) [potion of mutation]
   828 | Ossuary  | HP: 1/24 [hound zombie (4)]
   860 | Ossuary  | HP: 1/24 [hound zombie (3)]
   864 | Ossuary  | Reached skill level 5 in Long Blades
   864 | Ossuary  | Reached XP level 4. HP: 7/29 MP: 8/8
   904 | Ossuary  | Slain by a big kobold zombie

Skill      XL: |  1  2  3 |
---------------+----------+-----
Long Blades    | 3 5 |  5.6
Dodging        | 2 |  2.0
Fighting       | |  2.0
Armour         | |  0.8
Spellcasting   | |  2.4
Charms         | |  3.6

Action                   |  1- 3 |  4- 6 || total
-------------------------+-------+-------++-------
Melee: Falchion          |    97 |    12 ||   109
Throw: Throwing net      |       |     2 ||     2
 Cast: Infusion          |    11 |       ||    11
       Song of Slaying   |       |     1 ||     1
  Use: Potion            |     5 |       ||     5
       Scroll            |     3 |       ||     3
Armor: Ring mail         |    63 |     3 ||    66
Dodge: Dodged            |    87 |    15 ||   102
       Rpst.: Falchion   |    27 |     7 ||    34

Table legend:
 A = Turns spent in this place as a percentage of turns spent in the entire game.
 B = Non-inter-level travel turns spent in this place as a percentage of non-inter-level travel turns spent in the entire game.
 C = Inter-level travel turns spent in this place as a percentage of turns spent in this place.
 D = Turns resting spent in this place as a percentage of non-inter-level travel turns spent in this place.
 E = Turns spent auto-exploring this place as a percentage of non-inter-level travel turns spent in this place.
 F = Non-inter-level travel turns spent in this place divided by the number of levels of this place that you've seen.
                   A       B       C       D       E      F
               +-------+-------+-------+-------+-------+----------------------
         Total | 100.0 | 100.0 |   0.1 |   0.0 |   0.0 | 150.2
       Dungeon |  86.6 |  86.6 |   0.2 |   0.0 |   0.0 | 162.5
       Ossuary |  13.4 |  13.4 |   0.0 |   0.0 |   0.0 | 101.0
               +-------+-------+-------+-------+-------+----------------------

Table legend:
 A = Kills in this place as a percentage of kills in entire the game.
 B = Kills by you in this place as a percentage of kills by you in the entire game.
 C = Kills by friends in this place as a percentage of kills by friends in the entire game.
 D = Other kills in this place as a percentage of other kills in the entire game.
 E = Experience gained in this place as a percentage of experience gained in the entire game.
 F = Experience gained in this place divided by the number of levels of this place that you have seen.
                   A       B       C       D       E      F
               +-------+-------+-------+-------+-------+----------------------
         Total | 100.0 | 100.0 |  -nan |  -nan | 100.0 |  32.4
       Dungeon |  78.4 |  78.4 |  -nan |  -nan |  43.2 |  17.5
       Ossuary |  21.6 |  21.6 |  -nan |  -nan |  56.8 |  92.0
               +-------+-------+-------+-------+-------+----------------------

Vault maps used:
D:1:      doesnt_arrival_goblin_jail
D:3:      ecumenical_altar_2, kennysheep_boxes
D:4:      first_bread, nicolae_ossuary_entry_ruins, nicolae_elemental_shop
Ossuary:  ossuary_minmay_tomb_2a
